 Dungeon Crawl Stone Soup version 0.23-a0-316-g6773f7a52e (webtiles) character file.

72 Flugkiller the Chiller (level 4, -4/30 HPs)
             Began as a Barachi Ice Elementalist on Oct 14, 2018.
             Slain by a gnoll
             ... wielding a +0 club
              (11 damage)
             ... on level 2 of the Dungeon.
             The game lasted 00:02:54 (1603 turns).

Flugkiller the Chiller (Barachi Ice Elementalist)   Turns: 1603, Time: 00:02:55

Health: -4/30      AC:  2    Str: 10    XL:     4   Next: 25%
Magic:  7/9        EV: 12    Int: 16    God:
Gold:   45         SH:  0    Dex: 12    Spells: 9/10 levels left

rFire    . . .     SeeInvis .   f - +0 short sword
rCold    . . .     Gourm    .   (no shield)
rNeg     . . .     Faith    .   a - +0 robe
rPois    .         Spirit   .   (no helmet)
rElec    .         Reflect  .   (no cloak)
rCorr    .         Harm     .   (no gloves)
MR       .....                  (no boots)
Stlth    ++........             (no amulet)
HPRegen  0.10/turn              (no ring)
MPRegen  0.11/turn              (no ring)

@: slow
A: +LOS, swims, slowness 1, strong legs 1
a: Hop


You were on level 2 of the Dungeon.
You were not hungry.

You visited 1 branch of the dungeon, and saw 2 of its levels.

You collected 45 gold pieces.

Inventory:

Hand Weapons
 f - a +0 short sword (weapon)
Armour
 a - a +0 robe (worn)
 j - a +2 shield
Jewellery
 d - an uncursed ring of see invisible {unknown}
Scrolls
 b - 2 scrolls of amnesia {unknown}
 e - a scroll of identify {unknown}
 g - a scroll of enchant armour {unknown}
Potions
 i - 2 potions of mutation {unknown}
Comestibles
 c - a ration
 h - 4 chunks of flesh


   Skills:
 - Level 2.1 Dodging
 - Level 1.7 Stealth
 + Level 3.5 Spellcasting
   Level 1.1 Conjurations
 + Level 4.9 Ice Magic


You had 9 spell levels left.
You knew the following spells:

 Your Spells              Type           Power        Failure   Level  Hunger
a - Freeze                Ice            ###.         2%          1    None

Your spell library contained the following spells:

 Spells                   Type           Power        Failure   Level  Hunger
 Throw Frost              Conj/Ice       ##....       8%          2    ##.....
 Ozocubu's Armour         Chrm/Ice       ##......     19%         3    ###....
 Throw Icicle             Conj/Ice       ##......     45%         4    ####...
 Summon Ice Beast         Ice/Summ       ##......     54%         4    ####...


Dungeon Overview and Level Annotations

Branches:
Dungeon (2/15)

Altars:


Innate Abilities, Weirdness & Mutations

Shadows flee at your approach. (+LOS)
You can swim through water.
You cover ground slowly.
You can hop short distances.


Message History

Press: ? - help, Shift-Dir - straight line, f/p - gnoll
Aim: a gnoll, wielding a spear (heavily wounded)
You freeze the gnoll.
The gnoll is almost dead.
The gnoll barely misses you.
Casting: Freeze (safe; 2% risk of failure)
Confirm with . or Enter, or press ? or * to list all spells.
Aiming: Freeze (safe; 2% risk of failure)
Press: ? - help, Shift-Dir - straight line, f/p - gnoll
Aim: a gnoll, wielding a spear (almost dead)
You freeze the gnoll.
You kill the gnoll!
The gnoll closely misses you. The gnoll hits you with a club.
* * * LOW HITPOINT WARNING * * *
The gnoll barely misses you. The gnoll hits you with a club.
* * * LOW HITPOINT WARNING * * *
The gnoll hits you with a club!
You die...

..# ..# #..)# #...#
##+########### .g.
#......g..g..# .g.
#.....g#####.# ...
#.....@#...#.# #r#
#....g.#<#.#g#
##g#####......###.#g#
#.................#.#
#..################.#
#.รท(..((.()(...g....#
#.....#)..(#############
#.....#....#
......+....#


You could see 3 gnolls.

Vanquished Creatures
  2 gnolls
  An ooze (D:1)
  2 dart slugs (D:1)
  4 leopard geckos
  A ball python (D:2)
  4 bats
  A giant cockroach (D:1)
  3 goblins
  3 hobgoblins
  5 jackals
  A quokka (D:2)
  3 frilled lizards
  2 kobolds (D:1)
  7 rats (D:1)
39 creatures vanquished.

Notes
Turn   | Place    | Note
-------+----------+-------------------------------------------
     0 | D:1      | Flugkiller the Barachi Ice Elementalist began the quest for
                  | the Orb.
     0 | D:1      | Reached XP level 1. HP: 13/13 MP: 3/3
   326 | D:1      | Reached skill level 4 in Ice Magic
   326 | D:1      | Reached XP level 2. HP: 15/19 MP: 1/5
   801 | D:1      | Reached XP level 3. HP: 23/24 MP: 4/7
  1530 | D:2      | Reached XP level 4. HP: 29/30 MP: 7/9
  1603 | D:2      | Slain by a gnoll

Vault maps used:
D:1:      onia_arrival_pentagram
D:2:      cheibrodos_old_hovel, kennysheep_generic_room_13

Skill      XL: |  1  2  3 |
---------------+----------+-----
Ice Magic      | 4 |  4.9
Spellcasting   | 3 |  3.5
Dodging        | |  2.1
Stealth        | |  1.7
Conjurations   | |  1.1

Action                   |  1- 3 |  4- 6 || total
-------------------------+-------+-------++-------
Melee: Unarmed           |     4 |       ||     4
       Short sword       |    34 |     1 ||    35
 Cast: Freeze            |    50 |     8 ||    58
 Abil: Hop               |     1 |       ||     1
  Eat: Chunk             |     2 |     1 ||     3
Armor: Robe              |    30 |     1 ||    31
Dodge: Dodged            |    94 |    15 ||   109

Table legend:
 A = Non-vault XP
 B = Vault XP
 C = Vault XP percentage of total XP
 D = Non-vault monster count
 E = Vault monster count
 F = Vault count percentage of total count
                 A         B        C        D         E       F
            +---------+---------+-------+---------+---------+-------
      Total |     103 |       0 |   0.0 |      39 |       0 |   0.0
            +---------+---------+-------+---------+---------+-------
        D:1 |      73 |       0 |   0.0 |      30 |       0 |   0.0
        D:2 |      30 |       0 |   0.0 |       9 |       0 |   0.0
            +---------+---------+-------+---------+---------+-------
